 Dungeon Crawl Stone Soup version 0.23-a0-4-g8f018a2 (webtiles) character file.

44 Kuinu the Firebug (level 3, -1/26 HPs)
             Began as a Draconian Fire Elementalist on Aug 1, 2018.
             Slain by an orc wizard
             ... wielding a +0 dagger
              (4 damage)
             ... on level 2 of the Dungeon.
             The game lasted 00:04:27 (1118 turns).

Kuinu the Firebug (Draconian Fire Elementalist)     Turns: 1118, Time: 00:04:28

Health: -1/26      AC:  5    Str: 15    XL:     3   Next: 41%
Magic:  1/6        EV: 12    Int: 16    God:
Gold:   63         SH:  0    Dex: 11    Spells: 5/6 levels left

rFire    . . .     SeeInvis +   h - +2 dagger (speed)
rCold    . . .     Gourm    .   (no shield)
rNeg     . . .     Faith    .   (armour unavailable)
rPois    .         Spirit   .   (helmet restricted)
rElec    .         Reflect  .   j - scarf {repulsion}
rCorr    .         Harm     .   (no gloves)
MR       .....                  (no boots)
Stlth    ++........             (no amulet)
HPRegen  0.08/turn              a - +5 ring of strength
MPRegen  0.10/turn              i - ring of see invisible

@: flying, very slightly contaminated, repel missiles
A: unfitting armour, cold-blooded, AC +5
a: no special abilities


You were on level 2 of the Dungeon.
You were not hungry.

You visited 1 branch of the dungeon, and saw 2 of its levels.

You collected 63 gold pieces.

Inventory:

Hand Weapons
 d - a +0 club
 h - a +2 dagger of speed (weapon)
Armour
 j - a scarf of repulsion (worn)
Jewellery
 a - a +5 ring of strength (left hand)
 i - a ring of see invisible (right hand)
Comestibles
 b - 3 rations
 f - 4 chunks of flesh


   Skills:
 - Level 1.7 Dodging
 - Level 1.7 Stealth
 + Level 2.3 Spellcasting
 * Level 2.2 Conjurations
 * Level 3.6 Fire Magic


You had 5 spell levels left.
You knew the following spells:

 Your Spells              Type           Power        Failure   Level  Hunger
a - Flame Tongue          Conj/Fire      ##...        6%          1    #......

Your spell library contained the following spells:

 Spells                   Type           Power        Failure   Level  Hunger
 Fireball                 Conj/Fire      ##........   86%         5    ######.
 Conjure Flame            Conj/Fire      ##......     19%         3    ###....
 Throw Flame              Conj/Fire      ##....       9%          2    ###....
 Sticky Flame             Conj/Fire      ##......     52%         4    #####..
 Inner Flame              Hex/Fire       #.......     28%         3    ###....


Dungeon Overview and Level Annotations

Branches:
Dungeon (2/15)

Altars:
Dithmenos


Innate Abilities, Weirdness & Mutations

Your plain brown scales are hard. (AC +5)
You cannot fit into any form of body armour.
You are cold-blooded and may be slowed by cold attacks.


Message History

The orc wizard barely misses you.
Casting: Flame Tongue (safe; 6% risk of failure)
Confirm with . or Enter, or press ? or * to list all spells.
Aiming: Flame Tongue (safe; 6% risk of failure)
Press: ? - help, Shift-Dir - straight line, f/p - orc wizard
Aim: an orc wizard, wielding a dagger and wearing a robe (lightly wounded, slightly transparent)
The flame tongue misses the orc wizard.
The flame tongue hits the orc.
The orc appears unharmed.
The orc wizard hits you but does no damage.
It was a potion of flight.
You feel very buoyant.
You fly up into the air.
The orc wizard hits you but does no damage.
As you read the scroll labeled SOSAGR VIVOENE, it crumbles to dust.
The scroll dissolves into smoke.
It was a scroll of fog.
As you read the scroll labeled OSATAPT APLIS, it crumbles to dust.
It is a scroll of identify.
You don't have any unidentified items.
The orc wizard hits you with a dagger.
You die...

###### #.....
#.....#### #....))..#
#.....##.# ######
.......
#§######....########
.#.....
#.oo§§..............
#.....
###@§§##....########
###### #§§.##....#
#§..##....######
######...##.........###
#.........#......#.....
#.####....#.....###....
####....#.##..###..##
...........###..#..# #
.####.......##.....##.


You could see an orc wizard (invisible) and an orc.

Vanquished Creatures
  A dart slug (D:1)
  3 orcs (D:2)
  2 giant cockroaches (D:1)
  6 goblins (D:1)
  2 hobgoblins
  8 jackals (D:1)
  A ball python (D:2)
  5 bats
  3 frilled lizards
  3 kobolds (D:1)
34 creatures vanquished.

Notes
Turn   | Place    | Note
-------+----------+-------------------------------------------
     0 | D:1      | Kuinu the Draconian Fire Elementalist began the quest for the Orb.
     0 | D:1      | Reached XP level 1. HP: 14/14 MP: 3/3
   120 | D:1      | Reached XP level 2. HP: 18/20 MP: 1/5
   703 | D:1      | Reached XP level 3. HP: 26/26 MP: 6/6
  1027 | D:2      | Found a shadowy altar of Dithmenos.
  1118 | D:2      | Slain by an orc wizard

Vault maps used:
D:1:      saegor_arrival_simple_a
D:2:      old_standard_altar, nemelex_altar_shiori,
          nicolae_dithmenos_shadow_blocks

Skill      XL: |  1  2 |
---------------+-------+-----
Conjurations   | 2 |  2.2
Dodging        | |  1.7
Stealth        | |  1.7
Spellcasting   | |  2.3
Fire Magic     | |  3.6

Action                   || total
-------------------------++-------
Melee: Unarmed           ||     9
       Tailslap          ||     4
       Club              ||    19
       Dagger            ||    41
 Cast: Flame Tongue      ||    36
  Use: Scroll            ||     2
       Potion            ||     1
  Eat: Chunk             ||     1
Armor: Skin              ||    25
Dodge: Dodged            ||    53

Table legend:
 A = Spawn XP
 B = Non-spawn XP
 C = Spawn XP percentage of total XP
 D = Spawn monster count
 E = Non-spawn monster count
 F = Spawn count percentage of total count
 G = Total turns spent on level
                    A         B        C        D         E        F      G
               +---------+---------+-------+---------+---------+-------+---------
         Total |       0 |      64 |   0.0 |       0 |      34 |   0.0 |  1118
               +---------+---------+-------+---------+---------+-------+---------
           D:1 |       0 |      50 |   0.0 |       0 |      27 |   0.0 |   978
           D:2 |       0 |      14 |   0.0 |       0 |       7 |   0.0 |   140
               +---------+---------+-------+---------+---------+-------+---------
